 Dungeon Crawl Stone Soup version 0.28-b1-25-g9875b3fc8c (webtiles) character file.

Game seed: 13984617324981824768

2307 croobank the Magician (level 9, 0/59 HPs)
             Began as a Vampire Fire Elementalist on Feb 1, 2022.
             Was an Initiate of Ashenzari.
             Slain by a black bear (5 damage)
             ... on level 6 of the Dungeon.
             The game lasted 00:28:33 (6782 turns).

croobank the Magician (Vampire Fire Elementalist)   Turns: 6782, Time: 00:28:33

Health: 0/59       AC:  4    Str:  7    XL:     9   Next: 18%
Magic:  27/27      EV: 13    Int: 22    God:    Ashenzari [......]
Gold:   687        SH:  5    Dex: 14    Spells: 5/20 levels left

rFire   . . .      SeeInvis +   a - +0 dagger (venom)
rCold   . . .      Faith    .   (no shield)
rNeg    . . .      Spirit   .   b - +1 robe
rPois   +          Reflect  +   (no helmet)
rElec   .          Harm     .   (no cloak)
rCorr   .          Rampage  .   n - +0 pair of gloves
Will    .....                   (no boots)
Stlth   +++.......              d - amulet of reflection
HPRegen 0.39/turn               k - ring of magical power
MPRegen 0.20/turn               D - ring of poison resistance

@: healing quickly
A: alive, fangs 3, see invisible, vampiric 2
a: Exsanguinate, Renounce Religion


You were on level 6 of the Dungeon.
You worshipped Ashenzari.
Ashenzari was noncommittal.
You visited 2 branches of the dungeon, and saw 7 of its levels.

You collected 687 gold pieces.

Inventory:

Hand Weapons
 a - a +0 dagger of venom (weapon)
 e - a +0 broad axe
Missiles
 g - 135 stones
 m - 39 sling bullets
 o - 46 arrows
 p - 2 throwing nets
 w - 8 poisoned darts
 A - 20 bolts
 I - 3 curare-tipped darts
Armour
 b - a +1 robe (worn)
 j - a +0 leather armour
 l - a +0 ring mail
 n - a +0 pair of gloves (worn)
 E - a +0 plate armour
 M - a +2 pair of boots
Jewellery
 d - an amulet of reflection (around neck)
 k - a ring of magical power (left hand)
 t - an amulet of the acrobat
 D - a ring of poison resistance (right hand)
Wands
 K - a wand of digging (6)
Scrolls
 c - a scroll of fear
 x - a scroll of vulnerability {unknown}
 y - 2 scrolls of immolation {unknown}
 z - a scroll of noise {unknown}
 B - a scroll of amnesia {unknown}
 C - a scroll of identify
 G - 2 scrolls of blinking
 J - a scroll of teleportation {unknown}
 L - a scroll of silence {unknown}
Potions
 h - 3 potions of curing
 i - a potion of brilliance {unknown}
 q - a potion of attraction {unknown}
 r - 2 potions of flight {unknown}
 s - a potion of magic {unknown}
 u - 2 potions of cancellation {unknown}
 v - a potion of resistance {unknown}
 F - a potion of ambrosia {unknown}
 H - a potion of degeneration {unknown}


   Skills:
 + Level 1.1 Fighting
 + Level 2.3 Short Blades
 + Level 4.1 Dodging
 + Level 4.1 Stealth
 + Level 1.0 Shields
 + Level 6.1 Spellcasting
 + Level 2.1 Conjurations
 - Level 5.1 Summonings
 * Level 2.3 Transmutations
 + Level 5.9 Fire Magic


You had 5 spell levels left.
You knew the following spells:

 Your Spells              Type           Power      Damage    Failure   Level
a - Foxfire               Conj/Fire      96%        2x1d8     1%          1
b - Scorch                Fire           64%        2d8       1%          2
c - Call Canine Familiar  Summ           29%        N/A       3%          3
d - Flame Wave            Conj/Fire      24%        2d7       17%         4
e - Irradiate             Conj/Tmut      8%         3d16      69%         5

Your spell library contained the following spells:

 Spells                   Type           Power      Damage    Failure   Level
 Summon Small Mammal      Summ           100%       N/A       1%          1
 Conjure Flame            Conj/Fire      24%        6-21      5%          3
 Inner Flame              Hex/Fire       19%        N/A       8%          3
 Summon Guardian Golem    Hex/Summ       18%        N/A       10%         3
 Sublimation of Blood     Necr           6%         N/A       14%         2
 Gell's Gravitas          Tloc           6%         N/A       26%         3
 Teleport Other           Tloc           6%         N/A       26%         3
 Fireball                 Conj/Fire      12%        3d7       43%         5
 Petrify                  Tmut/Erth      11%        N/A       50%         4
 Starburst                Conj/Fire      12%        6d5       95%         6
 Dispersal                Tloc           3%         N/A       100%        6
 Ignition                 Fire           16%        3d6       100%        8


Dungeon Overview and Level Annotations

Branches:
Dungeon (6/15)             Temple (1/1) D:6

Altars:
Ashenzari
Fedhas
Makhleb
Okawaru
Trog
Uskayaw
Wu Jian
Xom


Innate Abilities, Weirdness & Mutations

Your natural rate of healing is accelerated.
You have razor-sharp teeth.
You have supernaturally acute eyesight. (SInv)
You are afflicted with vampirism and can become a bat while bloodless.


Message History

The black bear bites you. The black bear claws you. The black bear misses you.
You hit the black bear but do no damage.
The black bear looks as sick as possible!
The black bear is moderately wounded.
The centaur zombie is no longer more vulnerable to fire.
The black bear bites you but does no damage.
The black bear barely misses you. x2
You hit the black bear.
The black bear looks as sick as possible!
The black bear is heavily wounded.
You block the black bear's attack.
The black bear claws you but does no damage.
The black bear claws you.
You barely miss the black bear.
The black bear is heavily wounded.
The black bear bites you. The black bear claws you. x2
You hit the black bear but do no damage.
The black bear looks as sick as possible!
The black bear is heavily wounded.
The black bear goes berserk!
You hit the black bear but do no damage.
You bite the black bear.
The black bear is severely wounded.
The black bear bites you but does no damage.
The black bear closely misses you. The black bear claws you.
The black bear rages.
The black bear bites you. The black bear claws you.
You block the black bear's attack.
You hit the black bear but do no damage.
The black bear looks as sick as possible!
You bite the black bear.
The black bear is almost dead.
The black bear bites you!
* * * LOW HITPOINT WARNING * * *
The black bear claws you.
* * * LOW HITPOINT WARNING * * *
The black bear misses you. The black bear bites you.
* * * LOW HITPOINT WARNING * * *
The black bear claws you.
You die...

.# #.#.# #.#.# #...# #.# #.### )#
#.#.# #.#.# #...# #.#####.### .#
#...# #.#.###...####..........
.###.#####.....#[.............###
..##..........##........#########
........#####<<...#####..........
#.##.####...####.##...##.###.####
...#.###.....#####.....#.###.#
.......#....Zz.h@......#...#.#
##...#.#.....#####.....#...#.#
#....#.##...## ##...##...#.####
#....#.###.## ##.###...#...<.
#.<..#.# #.# #.###...###.##
####...# #h' #.'†).### #..# #...#
#h#. #.##..# ###.# #...# #.##.
##.###.# #.... ... #. ##)..##.#
#.#..


You could see a black bear (berserk, extremely poisoned), a wight and a centaur
zombie.

Vanquished Creatures
  Grinder (D:5)
  A black bear (D:4)
  An orc warrior (D:5)
  A sky beast (D:5)
  A necrophage (D:5)
  An ogre (D:5)
  2 phantoms
  A bullfrog (D:4)
  A wyvern zombie (D:5)
  5 scorpions
  A water moccasin zombie (D:5)
  2 howler monkeys
  A bullfrog zombie (D:6)
  2 centaur zombies (D:6)
  A jelly (D:4)
  A bullfrog skeleton (D:6)
  2 centaur skeletons
  2 gnoll shamans
  9 iguanas
  An orc wizard (D:5)
  A scorpion zombie (D:5)
  A howler monkey zombie (D:6)
  5 gnolls (D:5)
  2 howler monkey skeletons (D:6)
  10 adders
  A shadow imp (D:6)
  A white imp (D:5)
  4 ufetubi
  6 dart slugs
  15 orcs
  8 endoplasms
  3 giant cockroaches
  6 hobgoblins
  11 jackals
  4 kobolds
  4 quokkas
  15 ball pythons
  7 bats
  A frilled lizard (D:2)
  8 goblins
  5 rats
155 creatures vanquished.

Vanquished Creatures (collateral kills)
  A phantom (D:5)
  A bullfrog zombie (D:5)
  A goblin (D:4)
  A jackal (D:5)
4 creatures vanquished.

Vanquished Creatures (others)
  196 foxfires
  4 withered plants (D:6)
200 creatures vanquished.

Grand Total: 359 creatures vanquished

Notes
Turn   | Place    | Note
-------+----------+-------------------------------------------
     0 | D:1      | croobank the Vampire Fire Elementalist began the quest for
                  | the Orb.
     0 | D:1      | Reached XP level 1. HP: 13/13 MP: 3/3
   229 | D:1      | Reached XP level 2. HP: 19/19 MP: 3/5
   232 | D:1      | Learned a level 2 spell: Scorch
   853 | D:1      | Found a faded altar of an unknown god.
  1167 | D:2      | Gained mutation: You are afflicted with vampirism and can
                  | become a bat while bloodless. [Vampire growth]
  1167 | D:2      | Reached XP level 3. HP: 12/24 MP: 0/6
  1256 | D:2      | Learned a level 3 spell: Call Canine Familiar
  1816 | D:3      | Found a shimmering altar of Xom.
  1900 | D:3      | Reached XP level 4. HP: 26/30 MP: 6/8
  1955 | D:3      | Reached skill level 1 in Summonings
  2287 | D:3      | Reached skill level 1 in Conjurations
  2735 | D:4      | Found an ornate altar of the Wu Jian Council.
  2737 | D:4      | Found a blossoming altar of Fedhas.
  2786 | D:4      | Noticed a black bear
  2793 | D:4      | Killed a black bear
  2794 | D:4      | Reached skill level 3 in Spellcasting
  2794 | D:4      | Reached XP level 5. HP: 35/35 MP: 9/9
  3129 | D:4      | Reached XP level 6. HP: 41/41 MP: 11/11
  3310 | D:4      | Learned a level 4 spell: Flame Wave
  3371 | D:4      | Found a burning altar of Makhleb.
  3486 | D:4      | Reached skill level 1 in Short Blades
  3936 | D:5      | Entered Level 5 of the Dungeon
  4122 | D:5      | Reached skill level 4 in Spellcasting
  4175 | D:5      | Reached XP level 7. HP: 36/46 MP: 13/13
  4591 | D:5      | Noticed Grinder
  4597 | D:5      | Killed Grinder
  4798 | D:5      | Reached XP level 8. HP: 15/52 MP: 15/15
  4800 | D:5      | Reached skill level 5 in Spellcasting
  4823 | D:5      | Reached skill level 5 in Fire Magic
  4871 | D:5      | Reached skill level 1 in Fighting
  5687 | D:5      | Reached skill level 5 in Summonings
  5969 | D:6      | Learned a level 5 spell: Irradiate
  6001 | D:6      | Reached skill level 1 in Transmutations
  6001 | D:6      | Reached XP level 9. HP: 58/59 MP: 17/17
  6043 | D:6      | Reached skill level 6 in Spellcasting
  6441 | D:6      | Found a staircase to the Ecumenical Temple.
  6446 | Temple   | Entered the Ecumenical Temple
  6474 | Temple   | Became a worshipper of Ashenzari the Shackled
  6595 | D:6      | Reached skill level 1 in Shields
  6782 | D:6      | Slain by a black bear

Illustrated notes

Levels and vault maps discovered:
D:1:      dpeg_arrival_castle, layout_basic,
          shapermc_ecumenical_altar_mp_highgroup
D:2:      layout_rooms
D:3:      layout_rooms, lemuel_tele_altar, minmay_misc_feat_encased,
          kennysheep_boxes
D:4:      layout_cave_pods, nicolae_overflow_crystal_walls,
          gammafunk_temple_overflow_pools, minmay_unequal
D:5:      minmay_polygon_palace, layout_basic,
          eino_small_chamber_without_monster, minmay_puff, uniq_grinder
D:6:      minmay_octagon_keep, layout_basic, minmay_temple_entry_arrows,
          serial_undead, serial_undead_f, serial_undead_d, serial_undead_c,
          serial_undead_f
Temple:   jpeg_temple_clearing

Skill      XL: |  1  2  3  4  5  6  7  8  9 |
---------------+----------------------------+-----
Fire Magic     | 3 4 5 |  5.9
Summonings     | 2 3 5 |  5.1
Conjurations   | 1 2 |  2.1
Spellcasting   | 3 4 5 6 |  6.1
Short Blades   | 1 2 |  2.3
Stealth        | 4 |  4.1
Dodging        | 3 4 |  4.1
Fighting       | 1 |  1.1
Transmutations | 1 2 |  2.3
Shields        | 1 |  1.0

Action                   |  1- 3 |  4- 6 |  7- 9 || total
-------------------------+-------+-------+-------++-------
Melee: Dagger            |    49 |    38 |   188 ||   275
       Bite              |     1 |     3 |    28 ||    32
       Punch             |       |       |     2 ||     2
 Cast: Foxfire           |    43 |    34 |    40 ||   117
       Scorch            |    13 |    36 |    97 ||   146
       Call Canine Famil |       |     3 |     4 ||     7
       Flame Wave        |       |       |     1 ||     1
  Use: Scroll            |     2 |     8 |       ||    10
       Potion            |       |       |     5 ||     5
Armor: Robe              |    14 |    11 |    56 ||    81
Dodge: Dodged            |    34 |    27 |   141 ||   202
Block: Other             |     8 |     5 |    43 ||    56
